 Dungeon Crawl Stone Soup version 0.30-a0-424-g7412bad402 (webtiles) character file.

Game seed: 9033991862627680729

41717 AigisTheKnight the Fighter (level 14, -5/92 HPs)
             Began as a Gargoyle Earth Elementalist on Dec 9, 2022.
             Was a High Priest of the Shining One.
             Slain by a komodo dragon (15 damage)
             ... on level 5 of the Lair of Beasts.
             The game lasted 00:48:40 (19986 turns).

AigisTheKnight the Fighter (GrEE)                  Turns: 19986, Time: 00:48:40

Health: -5/92      AC: 19    Str: 18    XL:     14   Next: 16%
Magic:  21/28      EV: 11    Int: 21    God:    the Shining One [*****.]
Gold:   1003       SH:  5    Dex: 10    Spells: 24/34 levels left

rFire   . . .      SeeInvis .    Q - +0 eveningstar (holy)
rCold   . . .      Faith    .    V - +0 buckler {AC+3}
rNeg    + + +      Spirit   .    F - +0 troll leather armour
rPois   ∞          Reflect  .    s - +0 helmet
rElec   +          Harm     .    (no cloak)
rCorr   +          Rampage  .    B - +0 pair of gloves
Will    +....                    (no boots)
Stlth   +.........               o - amulet of regeneration
HPRegen 1.95/turn                y - +6 ring of strength
MPRegen 0.21/turn                N - ring of resist corrosion

@: flying, glowing
A: sickness immunity, AC +10, big wings, negative energy resistance 1,
electricity resistance, torment resistance 1, petrification resistance
a: Renounce Religion, Divine Shield, Cleansing Flame, Summon Divine Warrior


You were on level 5 of the Lair of Beasts.
You worshipped the Shining One.
The Shining One was extremely pleased with you.
You visited 3 branches of the dungeon, and saw 17 of its levels.
You also visited: Bailey.

You collected 1122 gold pieces.
You spent 119 gold pieces at shops.

Inventory:

Hand Weapons
 d - a +1 dagger of electrocution
 w - a +0 morningstar of flaming
 G - a +2 flail of holy wrath
 Q - a +0 eveningstar of holy wrath (weapon)
Missiles
 p - a boomerang of dispersal (quivered)
 J - a throwing net
Armour
 a - a +0 robe
 s - a +0 helmet (worn)
 B - a +0 pair of gloves (worn)
 F - a +0 troll leather armour (worn)
 R - a +2 chain mail of positive energy
 V - a +0 buckler of protection (worn)
Magical Staves
 Y - a staff of conjuration
Jewellery
 o - an amulet of regeneration (around neck)
 y - a +6 ring of strength (left hand)
 K - an amulet of reflection
 N - a ring of resist corrosion (right hand)
 P - a ring of protection from cold
 T - a +6 ring of strength
 X - a ring of see invisible
Wands
 t - a wand of charming (10)
 x - a wand of flame (19)
 z - a wand of roots (11)
 C - a wand of light (5)
Scrolls
 e - 6 scrolls of blinking
 f - 4 scrolls of vulnerability {unknown}
 g - 2 scrolls of immolation {unknown}
 h - 8 scrolls of teleportation
 l - a scroll of enchant weapon {unknown}
 m - a scroll of amnesia {unknown}
 u - 5 scrolls of butterflies {unknown}
 v - a scroll of brand weapon {unknown}
 A - 3 scrolls of enchant armour
 D - a scroll of silence {unknown}
 H - 3 scrolls of fear {unknown}
 L - 2 scrolls of magic mapping {unknown}
 M - a scroll of summoning {unknown}
 W - 2 scrolls of noise {unknown}
Potions
 b - 2 potions of magic
 c - 4 potions of lignification
 i - 2 potions of attraction
 k - 2 potions of brilliance
 n - a potion of might
 q - a potion of resistance {unknown}
 r - 3 potions of mutation
 E - 2 potions of curing
 I - 2 potions of haste
 O - 2 potions of ambrosia {unknown}
 U - a potion of cancellation {unknown}
Miscellaneous
 j - a phantom mirror


   Skills:
 + Level 12.5 Fighting
 + Level 4.2 Maces & Flails
 - Level 3.1 Dodging
 - Level 2.1 Stealth
 + Level 6.7 Shields
 + Level 10.8 Spellcasting
 + Level 11.9 Conjurations
 + Level 6.4 Summonings
 - Level 0.7 Transmutations
 - Level 3.7 Air Magic
 - Level 11.0 Earth Magic


You had 24 spell levels left.
You knew the following spells:

 Your Spells              Type           Power      Damage    Failure   Level
a - Sandblast             Erth           100%       2d20      1%          1
b - Stone Arrow           Conj/Erth      100%       3d13      1%          3
c - Swiftness             Air            27%        N/A       6%          3
d - Summon Guardian Gole  Hex/Summ       24%        N/A       8%          3

Your spell library contained the following spells:

 Spells                   Type           Power      Damage    Failure   Level
 Magic Dart               Conj           100%       1d8       1%          1
 Shock                    Conj/Air       100%       1d9       1%          1
 Summon Small Mammal      Summ           100%       N/A       1%          1
 Call Imp                 Summ           38%        N/A       1%          2
 Passwall                 Tmut/Erth      30%        N/A       1%          2
 Call Canine Familiar     Summ           38%        N/A       1%          3
 Mephitic Cloud           Conj/Pois/Air  33%        N/A       3%          3
 Flame Wave               Conj/Fire      36%        2d10      8%          4
 Petrify                  Tmut/Erth      36%        N/A       8%          4
 Slow                     Hex            44%        N/A       9%          1
 Arcjolt                  Conj/Air       22%        1d32      10%         5
 Lightning Bolt           Conj/Air       22%        1d37      10%         5
 Summon Lightning Spire   Summ/Air       32%        N/A       11%         4
 Vhi's Electric Charge    Tloc/Air       38%        N/A       12%         3
 Ensorcelled Hibernation  Hex/Ice        22%        N/A       14%         2
 Scorch                   Fire           22%        2d6       14%         2
 Airstrike                Air            13%        2d(2-18)  19%         4
 Irradiate                Conj/Tmut      19%        3d18      19%         5
 Confusing Touch          Hex            11%        N/A       26%         3
 Gell's Gravitas          Tloc           11%        N/A       26%         3
 Lesser Beckoning         Tloc           22%        N/A       26%         3
 Ozocubu's Armour         Ice            11%        N/A       26%         3
 Teleport Other           Tloc           11%        N/A       26%         3
 Vampiric Draining        Necr           11%        2d6       26%         3
 Summon Forest            Summ/Tloc      12%        N/A       56%         5
 Summon Mana Viper        Hex/Summ       24%        N/A       56%         5
 Summon Cactus Giant      Summ           19%        N/A       69%         6
 Blade Hands              Tmut           7%         N/A       88%         5
 Dragon Form              Tmut           7%         N/A       100%        7
 Ozocubu's Refrigeration  Ice            5%         4d8       100%        7
 Maxwell's Capacitive Co  Air            13%        ∞         100%        8


Dungeon Overview and Level Annotations

Branches:
Dungeon (11/15)            Temple (1/1) D:4            Lair (5/5) D:8
  Swamp (0/4) Lair:3       Spider (0/4) Lair:2        Slime (0/5) Lair:4
    Orc (0/2) D:9          Bailey (visited)

Altars:
Dithmenos
Elyvilon
Gozag
Kikubaaqudgha
Makhleb
Nemelex Xobeh
Okawaru
Ru
Sif Muna
Trog
Uskayaw
Vehumet
Wu Jian
Xom
Yredelemnul
Zin
The Shining One
Jiyva

Shops:
D:1 *   D:2 [   D:3 :   D:5 *   D:9 *

Annotations:
D:3 3 runed translucent doors, Vadun's ghost, amateur MfMo


Innate Abilities, Weirdness & Mutations

You are immune to sickness and miasma.
Your stone body is resilient. (AC +10)
You are immune to poison.
Your large and strong wings let you fly.
You resist negative energy. (rN+)
You are resistant to electric shocks. (rElec)
You are resistant to unholy torment.
You are immune to petrification.


Message History

Casting: Stone Arrow (safe; 1% risk of failure)
Confirm with . or Enter, or press ? or * to list all spells.
Aiming: Stone Arrow (safe; 1% risk of failure)
Press: ? - help, Shift-Dir - straight line, f/p - boulder beetle
Aim: a boulder beetle (moderately wounded, haloed, 100% to hit)
The stone arrow hits the boulder beetle!!
The boulder beetle is heavily wounded.
You block the boulder beetle's attack.
Unknown command.
The boulder beetle bites you!
You hit the cane toad.
The cane toad is lightly wounded.
The cane toad stings you! You block the komodo dragon's attack.
The boulder beetle misses you. The cane toad misses you.
The komodo dragon attacks as you move away!
The komodo dragon closely misses you.
A cane toad comes into view.
The cane toad stings you!
The boulder beetle bites the fungus!!
The fungus begins to die.
The cane toad stings you but does no damage.
The komodo dragon attacks as you move away!
The komodo dragon bites you but does no damage.
The cane toad closely misses you.
The komodo dragon attacks as you move away!
The komodo dragon closely misses you.
The komodo dragon attacks as you move away!
The komodo dragon barely misses you.
The boulder beetle attacks as you move away!
The boulder beetle bites you!
A cane toad comes into view.
The komodo dragon attacks as you move away!
The komodo dragon bites you but does no damage.
The komodo dragon attacks as you move away!
The komodo dragon bites you!
* * * LOW HITPOINT WARNING * * *
A nearby fungus withers and dies.
The boulder beetle bites you!
* * * LOW HITPOINT WARNING * * *
The komodo dragon attacks as you move away!
The komodo dragon bites you!
You die...

###.....# #......♣♣..♣♣
##.....#.###.......♣♣♣..♣
#......###.........♣ ♣..♣♣♣
♣♣♣♣♣ #P...P.##......####♣
♣♣..†♣♣♣.♣.♣ ###.###......#.#
##♣♣♣♣♣♣)..♣♣.. ##
##......#####...♣ ♣.......
###.....#.##......♣♣♣♣♣♣♣.....
#........##.F........♣ ♣.[.♣♣
###..........l@<....... ♣♣♣♣♣
#.....#......B..#....## ♣
......##............#.#
.......##......###.....
....#.#.......## ......
.....##....##..# ....[ ...
#......# ##.......# ...
#F#..### ..##.. ... #....# ##
...


You could see a boulder beetle, a komodo dragon and a cane toad.

Vanquished Creatures
  2 boulder beetles
  An alligator (Lair:2)
  3 death yaks
  Urug (Lair:3)
  Sonja (Lair:3)
  Pikel (D:7)
  An orc knight (Bailey)
  7 elephants
  3 black mambas
  12 cane toads
  3 rime drakes
  9 komodo dragons
  A kobold demonologist (D:10)
  4 hornets (Lair:5)
  3 trolls
  6 polar bears
  6 dream sheep
  18 blink frogs
  A wraith (D:10)
  13 spriggans (Lair:5)
  8 wyverns
  37 yaks
  2 basilisks
  3 vampire mosquitoes
  2 redbacks (Lair:2)
  2 steam dragons
  An acid dragon (D:9)
  13 water moccasins
  12 orc warriors
  6 black bears
  2 sky beasts
  4 boggarts (Lair:5)
  3 ogres
  22 wolves
  2 centaurs
  4 lemures (D:7)
  2 phantoms
  6 kobold brigands
  10 bullfrogs
  5 scorpions
  A gnoll sergeant (D:9)
  3 killer bees (D:8)
  2 electric eels (Lair:2)
  A crimson imp (D:4)
  2 jellies
  A gnoll bouda (D:7)
  3 hounds (D:5)
  10 orc priests
  4 iguanas
  Terence (D:2)
  14 orc wizards
  A scorpion zombie (D:3)
  6 adders
  12 gnolls
  A shadow imp (D:5)
  A white imp (D:8)
  3 worms
  2 dart slugs
  48 orcs
  3 bats
  6 endoplasms
  7 giant cockroaches
  8 goblins
  11 hobgoblins
  7 jackals
  5 quokkas
  3 ball pythons
  7 frilled lizards
  25 kobolds
  A quokka zombie (D:3)
  6 rats
447 creatures vanquished.

Vanquished Creatures (others)
  57 fungi
  43 plants
100 creatures vanquished.

Grand Total: 547 creatures vanquished

Notes
Turn   | Place    | Note
-------+----------+-------------------------------------------
     0 | D:1      | AigisTheKnight the Gargoyle Earth Elementalist began the
                  | quest for the Orb.
     0 | D:1      | Reached XP level 1. HP: 10/10 MP: 3/3
   154 | D:1      | Reached XP level 2. HP: 16/16 MP: 3/5
   409 | D:1      | Reached skill level 1 in Fighting
   518 | D:1      | Found Jaffy's Assorted Antiques.
   607 | D:1      | Reached XP level 3. HP: 16/20 MP: 6/6
   918 | D:2      | Noticed Terence
  1109 | D:2      | Found Buiplime's Antique Armour Emporium.
  1415 | D:2      | Learned a level 3 spell: Stone Arrow
  1449 | D:3      | Reached XP level 4. HP: 26/26 MP: 4/7
  1551 | D:3      | Reached skill level 2 in Fighting
  1718 | D:3      | Found a runed translucent gate.
  1718 | D:3      | Found a runed translucent gate.
  1718 | D:3      | Found a runed translucent gate.
  1718 | D:3      | Noticed Vadun's ghost (amateur MfMo)
  1720 | D:3      | Found a basalt altar of Yredelemnul.
  1930 | D:3      | Reached XP level 5. HP: 30/30 MP: 7/9
  1958 | D:3      | Found Manem's Vocational Training.
  1960 | D:3      | Noticed a phantom
  1976 | D:2      | Killed a phantom
  1986 | D:2      | Killed Terence
  2071 | D:3      | Reached skill level 5 in Earth Magic
  2071 | D:3      | Reached XP level 6. HP: 36/36 MP: 7/10
  2258 | D:2      | Reached skill level 3 in Fighting
  2449 | D:4      | Found a staircase to the Ecumenical Temple.
  2496 | Temple   | Entered the Ecumenical Temple
  2516 | Temple   | Became a worshipper of the Shining One
  2964 | D:5      | Entered Level 5 of the Dungeon
  3131 | D:5      | Found Gaeplut's General Store.
  3183 | D:5      | Noticed a water moccasin
  3196 | D:5      | Killed a water moccasin
  3261 | D:5      | Noticed a steam dragon
  3446 | D:4      | Reached XP level 7. HP: 25/41 MP: 6/12
  3603 | D:4      | Reached skill level 1 in Conjurations
  3714 | D:4      | Reached skill level 4 in Fighting
  3930 | D:4      | Found a burning altar of Makhleb.
  3930 | D:4      | Found a radiant altar of Vehumet.
  4301 | D:5      | Reached XP level 8. HP: 48/48 MP: 12/14
  4578 | D:5      | Reached skill level 5 in Fighting
  4967 | D:6      | Found a sacrificial altar of Ru.
  5142 | D:6      | Reached skill level 1 in Air Magic
  5152 | D:6      | Reached * piety under the Shining One
  5160 | D:6      | Reached skill level 5 in Spellcasting
  5492 | D:6      | Found an iron altar of Okawaru.
  6197 | D:7      | Reached XP level 9. HP: 55/55 MP: 11/16
  6387 | D:7      | Reached skill level 6 in Fighting
  6536 | D:7      | Found a hide-covered altar of Uskayaw.
  6708 | D:7      | Noticed Pikel
  6711 | D:7      | Killed Pikel
  6712 | D:7      | Reached skill level 5 in Conjurations
  7712 | D:8      | Reached skill level 7 in Fighting
  7837 | D:8      | Found a shimmering altar of Xom.
  7901 | D:8      | Reached XP level 10. HP: 63/63 MP: 8/19
  8027 | D:8      | Found a staircase to the Lair.
  8168 | Lair:1   | Entered Level 1 of the Lair of Beasts
  8172 | Lair:1   | Noticed a cane toad
  8172 | Lair:1   | Reached ** piety under the Shining One
  8248 | D:8      | Learned a level 3 spell: Swiftness
  8251 | Lair:1   | Killed a cane toad
  8439 | Lair:1   | Noticed a death yak
  8440 | Lair:1   | Noticed a death yak
  8691 | D:9      | Reached skill level 8 in Fighting
  9112 | D:9      | Found a staircase to the Orcish Mines.
  9232 | D:9      | Found Hask's General Store.
  9241 | D:9      | Bought a +0 buckler of positive energy for 119 gold pieces
  9400 | D:9      | Found a glowing silver altar of Zin.
  9903 | D:9      | Reached skill level 10 in Earth Magic
  9991 | D:10     | Entered Level 10 of the Dungeon
  9992 | D:10     | Found a flagged portal.
 10000 | D:10     | Reached skill level 1 in Shields
 10000 | D:10     | Reached XP level 11. HP: 69/69 MP: 14/22
 10375 | Bailey   | Entered a bailey
 10662 | Bailey   | Reached skill level 9 in Fighting
 10856 | Bailey   | Noticed an orc knight
 10861 | Bailey   | Killed an orc knight
 11111 | D:10     | Reached *** piety under the Shining One
 11132 | D:10     | Identified the +5 leather armour "Fabluxam" {-Tele Harm
                  | Dex+2}
 11227 | D:10     | Found a shadowy altar of Dithmenos.
 11550 | D:11     | Noticed a boulder beetle
 11591 | D:11     | Killed a boulder beetle
 11871 | D:11     | Noticed a manticore
 12086 | Lair:1   | Killed a death yak
 12213 | Lair:1   | Noticed a death yak
 12213 | Lair:1   | Noticed a death yak
 12391 | Lair:2   | Reached XP level 12. HP: 77/77 MP: 14/24
 12457 | Lair:2   | Reached skill level 5 in Shields
 12586 | Lair:2   | Noticed a boulder beetle
 12601 | Lair:2   | Killed a boulder beetle
 12602 | Lair:2   | Reached skill level 10 in Fighting
 12718 | Lair:2   | Reached skill level 1 in Summonings
 12762 | Lair:2   | Found a hole to the Spider Nest.
 13471 | Lair:1   | Reached **** piety under the Shining One
 13505 | Lair:1   | HP: 2/79 [blink frog (11)]
 13570 | Lair:1   | Identified the +1 morningstar "Erheifua" {drain, Int+2}
 13592 | Lair:1   | Reached skill level 10 in Conjurations
 13757 | Lair:1   | Noticed a death yak
 13757 | Lair:1   | Noticed a death yak
 14054 | Lair:2   | Reached skill level 11 in Fighting
 14074 | Lair:2   | Noticed an alligator
 14458 | Lair:2   | Reached XP level 13. HP: 84/84 MP: 22/26
 15085 | Lair:2   | Upgraded the game from 0.30-a0-422-g946f4849ff to
                  | 0.30-a0-424-g7412bad402
 15168 | Lair:3   | Found a staircase to the Swamp.
 15311 | Lair:3   | Noticed Sonja
 15315 | Lair:3   | Killed Sonja
 15316 | Lair:3   | Reached skill level 10 in Spellcasting
 15463 | Lair:3   | Noticed Urug
 15634 | Lair:3   | Killed Urug
 16437 | Lair:4   | Reached skill level 5 in Summonings
 16520 | Lair:4   | Found a viscous altar of Jiyva.
 16521 | Lair:4   | Found a staircase to the Slime Pits.
 16604 | Lair:4   | Reached skill level 1 in Maces & Flails
 17424 | Lair:5   | Entered Level 5 of the Lair of Beasts
 17821 | Lair:5   | Reached ***** piety under the Shining One
 17998 | Lair:5   | Reached skill level 12 in Fighting
 18418 | Lair:5   | HP: 4/86 [spriggan rider/+0 spear (22)]
 18423 | Lair:5   | HP: 3/86 [spriggan rider/+0 spear (25)]
 18987 | Lair:5   | Learned a level 3 spell: Summon Guardian Golem
 19221 | Lair:5   | Gained mutation: Your large and strong wings let you fly.
                  | [Gargoyle growth]
 19221 | Lair:5   | Reached XP level 14. HP: 72/92 MP: 6/28
 19986 | Lair:5   | Slain by a komodo dragon

Illustrated notes

Levels and vault maps discovered:
D:1:      dpeg_arrival_pits, layout_basic, serial_shops,
          nicolae_shop_statue_plus
D:2:      layout_basic, serial_shops, nicolae_diamond_shop, uniq_terence
D:3:      layout_rooms, nicolae_yredelemnul_ghost_church,
          minmay_stone_trees_small, nicolae_shop_vocational
D:4:      layout_basic, grunt_temple_overflow_lords_of_destruction,
          temple_pool_b
D:5:      layout_basic, serial_shops, nicolae_shop_behind_doors,
          roderic_roman_lattice, kennysheep_generic_room_8
D:6:      layout_basic, mainiacjoe_overflow_boulevard,
          okawaru_ov_weapons_minmay, corexii_shack
D:7:      layout_loops_corners, lemuel_coloured_pillars_altar, uniq_pikel
D:8:      layout_rooms, kennysheep_mini, lair_entry_dummy
D:9:      layout_layer_cave, zin_treasury, minmay_orc_entry_temple_small,
          serial_shops, shop_fountains
D:10:     layout_roguey, grunt_dithmenos_smoke, serial_glass, glass_columns_b,
          glass_columns_b, feat_on_display, feat_on_display, item_on_display_a,
          minmay_strange_pillars, enter_bailey_6, grunt_ogre_cave
D:11:     layout_basic, enter_trove_0, minivault_10, kennysheep_generic_room_5
Temple:   nicolae_temple_god_jail
Lair:1:   layout_loops_ring, gammafunk_ghost_split
Lair:2:   layout_gridlike, spider_nest_entry_webs, nicolae_lair_lakeside_cave
Lair:3:   layout_layer_cave, swamp_mist_pool, minmay_holes, lemuel_fruit_tree,
          infiniplex_staircase_pool, uniq_sonja, uniq_urug
Lair:4:   layout_gridlike, dpeg_slime_entry_enclosed, serial_rivers,
          chequers_serial_rivers_room_b, chequers_serial_rivers_micro_e,
          chequers_serial_rivers_small_a, chequers_serial_rivers_micro_e,
          chequers_serial_rivers_micro_d, lemuel_fruit_fields
Lair:5:   minmay_lair_end_enchanted_forest, layout_concentric_octagons

Skill      XL: |  1  2  3  4  5  6  7  8  9 10 11 12 13 14 |
---------------+-------------------------------------------+-----
Fighting       | 1 2 3 4 5 7 8 9 11 12 | 12.5
Earth Magic    | 4 5 6 7 8 10 11 | 11.0
Dodging        | 2 3 |  3.1
Spellcasting   | 3 4 5 6 7 8 9 10 | 10.8
Conjurations   | 2 4 5 7 9 10 11 | 11.9
Air Magic      | 1 3 |  3.7
Shields        | 1 4 6 |  6.7
Summonings     | 4 6 |  6.4
Maces & Flails | 3 4 |  4.2
Stealth        | |  2.1
Transmutations | |  0.7

Action                   |  1- 3 |  4- 6 |  7- 9 | 10-12 | 13-15 || total
-------------------------+-------+-------+-------+-------+-------++-------
Melee: Unarmed           |     1 |       |       |       |       ||     1
       Dagger            |    69 |    56 |   114 |   250 |     1 ||   490
       Punch             |       |       |     1 |     1 |       ||     2
       Eveningstar       |       |       |       |       |   145 ||   145
Throw: Boomerang         |       |       |       |     2 |       ||     2
 Cast: Sandblast         |    20 |    67 |   126 |   186 |    42 ||   441
       Stone Arrow       |       |       |    23 |   160 |   176 ||   359
       Swiftness         |       |       |       |     1 |       ||     1
       Summon Guardian G |       |       |       |       |     3 ||     3
Evoke: Wand              |       |       |       |     2 |       ||     2
  Use: Scroll            |       |       |     3 |     7 |     2 ||    12
       Potion            |       |       |       |     1 |     7 ||     8
 Stab: Sleeping          |     2 |       |       |       |       ||     2
Armor: Robe              |    12 |    34 |    78 |    10 |       ||   134
       Troll leather arm |       |       |       |   187 |   154 ||   341
Dodge: Dodged            |    46 |    75 |   106 |   278 |   176 ||   681
Block: Buckler           |       |       |       |   110 |    72 ||   182

Table legend: (Time is in decaauts)
 A = Elapsed time spent in this place.
 B = Non-inter-level travel time spent in this place.
 C = Inter-level travel time spent in this place.
 D = Time resting spent in this place.
 E = Time spent auto-exploring this place.
 F = Levels seen in this place.
 G = Mean time per level.
                   A        B        C        D        E       F      G
               +--------+--------+--------+--------+--------+-----+--------+
         Total |  20348 |  19390 |    958 |   3956 |  11151 |  18 | 1130.4 |
       Dungeon |  11467 |  10837 |    630 |    893 |   7950 |  11 | 1042.5 |
        Temple |     38 |     21 |     17 |      0 |      6 |   1 |   38.0 |
          Lair |   8245 |   7934 |    311 |   2857 |   3195 |   5 | 1649.0 |
        Bailey |    597 |    597 |      0 |    206 |      0 |   1 |  597.0 |
               +--------+--------+--------+--------+--------+-----+--------+

Top non-repeatable levels by time:
  Lair:2: 2369 daAuts
  Lair:5: 2009 daAuts
     D:9: 1644 daAuts
  Lair:4: 1638 daAuts
     D:7: 1454 daAuts
  Lair:3: 1353 daAuts
     D:4: 1258 daAuts
     D:5: 1257 daAuts
     D:6: 1168 daAuts
    D:10: 1013 daAuts
  Lair:1: 875 daAuts
     D:1: 855 daAuts
     D:2: 836 daAuts
     D:8: 781 daAuts
     D:3: 780 daAuts
